 Dungeon Crawl Stone Soup version 0.30-a0-711-gf4ac18a38d (webtiles) character file.

Game seed: 10880391801954861544

7382 wormed the Sneak (level 10, -1/77 HPs)
             Began as a Demonspawn Fire Elementalist on Jan 22, 2023.
             Was a Believer of Vehumet.
             Slain by a vampire (12 damage)
             ... on level 10 of the Dungeon.
             The game lasted 00:18:18 (12239 turns).

wormed the Sneak (Demonspawn Fire Elementalist)    Turns: 12239, Time: 00:18:18

Health: -1/77      AC:  5    Str:  9    XL:     10   Next: 92%
Magic:  3/19       EV: 14    Int: 21    God:    Vehumet [**....]
Gold:   1183       SH:  5    Dex: 13    Spells: 12/22 levels left

rFire   + . .      SeeInvis .    v - staff of fire
rCold   . . .      Faith    .    (no shield)
rNeg    . . .      Spirit   .    d - +0 leather armour
rPois   .          Reflect  +    (no helmet)
rElec   .          Harm     .    (no cloak)
rCorr   .          Rampage  .    (gloves unavailable)
Will    +....                    r - +1 pair of boots
Stlth   +++                      k - amulet of reflection
HPRegen 0.32/turn                j - ring of willpower
MPRegen 0.16/turn                (no ring)

@: about to teleport
A: claws 3, demonic magic 2
a: Renounce Religion


You were on level 10 of the Dungeon.
You worshipped Vehumet.
Vehumet was pleased with you.
You visited 2 branches of the dungeon, and saw 11 of its levels.

You collected 1183 gold pieces.

Inventory:

Hand Weapons
 q - a +1 dagger of draining
 w - a +2 short sword of draining
 D - the +7 dagger "Netwes" {flame, Int+4}
   (You took it off an orc on level 7 of the Dungeon)

   Int:       It affects your intelligence (+4).
Armour
 d - a +0 leather armour (worn)
 r - a +1 pair of boots (worn)
Magical Staves
 v - a staff of fire (weapon)
Jewellery
 j - a ring of willpower (left claw)
 k - an amulet of reflection (around neck)
Wands
 m - a wand of paralysis (11)
 y - a wand of mindburst (5)
 A - a wand of flame (21)
 B - a wand of roots (9)
 G - a wand of quicksilver (5)
Scrolls
 a - 2 scrolls of blinking
 g - 5 scrolls of torment
 l - 3 scrolls of teleportation
 o - 3 scrolls of fog {unknown}
 p - 2 scrolls of silence {unknown}
 s - 2 scrolls of enchant armour
 t - a scroll of immolation {unknown}
 H - 3 scrolls of fear {unknown}
 J - a scroll of brand weapon {unknown}
Potions
 b - 5 potions of curing
 c - 3 potions of lignification
 e - a potion of haste
 f - a potion of attraction
 h - 4 potions of brilliance
 i - a potion of heal wounds
 n - 2 potions of resistance
 u - a potion of might
 x - a potion of mutation
 z - a potion of cancellation
 C - 2 potions of flight {unknown}
 F - a potion of invisibility {unknown}


   Skills:
 + Level 6.7 Fighting
 + Level 6.5 Dodging
 + Level 7.1 Stealth
 + Level 6.6 Spellcasting
 + Level 6.9 Conjurations
 + Level 6.9 Fire Magic


You had 12 spell levels left.
You knew the following spells:

 Your Spells              Type           Power      Damage    Failure   Level
a - Foxfire               Conj/Fire      100%       2x1d9     1%          1
b - Scorch                Fire           100%       2d10      1%          2
c - Inner Flame           Hex/Fire       32%        N/A       10%         3
d - Flame Wave            Conj/Fire      52%        2d13      8%          4

Your spell library contained the following spells:

 Spells                   Type           Power      Damage    Failure   Level
 Momentum Strike          Conj/Tloc      42%        3d9       4%          2
 Static Discharge         Conj/Air       42%        2-4/arc   4%          2
 Stone Arrow              Conj/Erth      42%        3d9       10%         3
 Necrotise                Necr           24%        1d5       13%         1
 Sandblast                Erth           12%        2d6       13%         1
 Sting                    Tmut/Pois      24%        1d4       13%         1
 Summon Small Mammal      Summ           24%        N/A       13%         1
 Kindle Blastsparks       Fire/Tloc/Air  50%        2d14      16%         3
 Lesser Beckoning         Tloc           12%        N/A       21%         2
 Passwall                 Tmut/Erth      5%         N/A       21%         2
 Poisonous Vapours        Pois/Air       12%        N/A       21%         2
 Gell's Gravitas          Tloc           6%         N/A       36%         3
 Ozocubu's Armour         Ice            6%         N/A       36%         3
 Teleport Other           Tloc           6%         N/A       36%         3
 Vampiric Draining        Necr           6%         2d6       36%         3
 Vhi's Electric Charge    Tloc/Air       12%        N/A       36%         3
 Arcjolt                  Conj/Air       10%        1d20      65%         5
 Lightning Bolt           Conj/Air       10%        1d23      65%         5
 Olgreb's Toxic Radiance  Pois           6%         N/A       78%         4
 Agony                    Necr           6%         N/A       98%         5
 Dispersal                Tloc           3%         N/A       100%        6
 Ozocubu's Refrigeration  Ice            3%         4d8       100%        7


Dungeon Overview and Level Annotations

Branches:
Dungeon (10/15)            Temple (1/1) D:6
   Lair: D:8-11         Orc: D:9-12

Altars:
Ashenzari
Cheibriados
Hepliaklqana
Makhleb
Nemelex Xobeh
Okawaru
Qazlal
Sif Muna
Trog
Uskayaw
Vehumet
Wu Jian
Xom
Yredelemnul

Annotations:
D:8 1 runed translucent door, wormed's ghost, novice OpTm


Innate Abilities, Weirdness & Mutations

You have claws for hands.
Spells you cast may paralyse nearby enemies.


Message History

The vampire is moderately damaged.
The vampire's fire resistance burns away.
Malevolent energies surge around you.
Casting: Scorch (safe; 1% risk of failure)
Confirm with . or Enter, or press ? or * to list all spells.
You feel a surge of power!
Flames lash the vampire mosquito.
Flame seeps out of the vampire mosquito.
The vampire mosquito is almost destroyed.
The vampire mosquito's fire resistance burns away.
Malevolent energies surge around you.
The vampire mosquito is engulfed in blazing flames.
Vehumet accepts your kill.
You feel your power returning.
The vampire mosquito explodes!
Casting: Scorch (safe; 1% risk of failure)
Confirm with . or Enter, or press ? or * to list all spells.
Aiming: Inner Flame (dangerous; 10% risk of failure)
Press: ? - help, Dir - move target, f - vampire
Aim: a vampire (moderately damaged, more vulnerable to fire, chance to affect: 73%)
You feel a surge of power!
The vampire struggles to resist.
Malevolent energies surge around you.
The vampire mumbles some strange words.
The vampire flickers and vanishes!
Deactivating autopickup; reactivate with Ctrl-A.
Casting: Inner Flame (dangerous; 10% risk of failure)
Confirm with . or Enter, or press ? or * to list all spells.
You feel a surge of power!
Flames lash something but do no damage.
Malevolent energies surge around you. Something hits you!
Something completely misses you.
As you read the scroll of teleportation, it crumbles to dust.
You feel strangely unstable. The vampire mosquito bites you.
The vampire mosquito draws strength from your injuries!
Something hits you but does no damage. You block something's attack.
The vampire mosquito bites you!
* * * LOW HITPOINT WARNING * * *
The vampire mosquito draws strength from your injuries!
Something hits you!
* * * LOW HITPOINT WARNING * * *
Something bites you!
You die...

##..... .
...8.. ..
..... .. ##
.... # P?
#.###... ..
#### ..
#.#.#.## ...
..# .
#>#...##..8.
#.# P
#..@.......
#.#
#.y..#####.
#.# #.#.##
#.# #.#§#
#Z# #.#.#
#.# #.#§#
#.# #.#.#
#.# ##.#.#
#.## ##..#.#
#..# #...


You could see a vampire mosquito.

Vanquished Creatures
  A two-headed ogre (D:8)
  An unseen horror zombie (D:10)
  A troll (D:10)
  2 hornets
  2 shadows (D:10)
  A vampire (D:9)
  2 wraiths
  3 yaks (D:10)
  A wyvern (D:10)
  A vampire mosquito (D:10)
  2 steam dragons
  5 water moccasins
  2 orc warriors
  2 ice beasts
  A sky beast (D:8)
  4 black bears
  2 ogres
  A centaur (D:9)
  2 kobold brigands
  3 bullfrogs
  2 scorpions
  2 necrophages
  5 wights (D:7)
  5 killer bees (D:9)
  2 howler monkeys (D:8)
  3 hounds
  5 jellies
  6 centaur zombies (D:10)
  An orc priest (D:7)
  5 iguanas
  2 orc wizards
  2 howler monkey zombies (D:10)
  7 gnolls
  7 adders
  2 shadow imps
  A worm (D:2)
  5 dart slugs
  23 orcs
  11 ball pythons
  8 bats
  5 endoplasms
  3 giant cockroaches
  8 goblins
  5 hobgoblins
  7 jackals
  15 kobolds
  5 frilled lizards
  3 rats
194 creatures vanquished.

Vanquished Creatures (collateral kills)
  A foxfire (D:1)
1 creature vanquished.

Vanquished Creatures (others)
  218 foxfires
  51 fungi
  56 plants
  9 withered plants
334 creatures vanquished.

Grand Total: 529 creatures vanquished

Notes
Turn   | Place    | Note
-------+----------+-------------------------------------------
     0 | D:1      | wormed the Demonspawn Fire Elementalist began the quest for
                  | the Orb.
     0 | D:1      | Reached XP level 1. HP: 13/13 MP: 3/3
   180 | D:1      | Gained mutation: You have sharp fingernails. [demonic
                  | ancestry]
   180 | D:1      | Reached XP level 2. HP: 7/20 MP: 0/5
   186 | D:1      | Reached skill level 2 in Stealth
   546 | D:1      | Found a faded altar of an unknown god.
   554 | D:1      | Got Plato's Papyrus of Apparitions
   600 | D:1      | Gained mutation: Spells you cast may paralyse adjacent
                  | enemies. [demonic ancestry]
   600 | D:1      | Reached XP level 3. HP: 25/25 MP: 6/6
   910 | D:2      | Learned a level 2 spell: Scorch
   914 | D:2      | Learned a level 3 spell: Inner Flame
   987 | D:2      | Reached skill level 1 in Fighting
  1195 | D:2      | Reached XP level 4. HP: 32/32 MP: 7/7
  2316 | D:2      | Identified a scroll of acquirement
  2316 | D:2      | Acquired 632 gold pieces
  2428 | D:3      | Gained mutation: You have very sharp fingernails. [demonic
                  | ancestry]
  2428 | D:3      | Reached XP level 5. HP: 37/37 MP: 5/8
  2980 | D:4      | You fall into a shaft and drop 2 floors!
  2980 | D:6      | Found a staircase to the Ecumenical Temple.
  2986 | Temple   | Entered the Ecumenical Temple
  3044 | Temple   | Became a worshipper of Vehumet
  3272 | D:6      | Noticed a water moccasin
  3279 | D:6      | Killed a water moccasin
  3280 | D:6      | Reached skill level 3 in Stealth
  3280 | D:6      | Reached XP level 6. HP: 35/44 MP: 5/10
  3348 | D:6      | Found a basalt altar of Yredelemnul.
  3414 | D:6      | Found a stormy altar of Qazlal.
  3818 | D:5      | Entered Level 5 of the Dungeon
  4197 | D:5      | Gained mutation: You have claws for hands. [demonic
                  | ancestry]
  4197 | D:5      | Reached XP level 7. HP: 45/51 MP: 5/11
  4511 | D:5      | Reached skill level 4 in Stealth
  5264 | D:5      | Reached XP level 8. HP: 42/58 MP: 5/13
  5875 | D:4      | Found a shimmering blue altar of Sif Muna.
  6007 | D:4      | Reached * piety under Vehumet
  6007 | D:4      | Offered knowledge of Freeze by Vehumet.
  6361 | D:4      | Acquired a staff of fire
  6396 | D:4      | Learned a level 4 spell: Flame Wave
  7358 | D:7      | Reached skill level 5 in Stealth
  7369 | D:7      | Reached skill level 5 in Fire Magic
  7671 | D:7      | Found a hide-covered altar of Uskayaw.
  7676 | D:7      | Found a bloodstained altar of Trog.
  7680 | D:7      | Found a sparkling altar of Nemelex Xobeh.
  7761 | D:7      | Identified the +7 dagger "Netwes" {flame, Int+4}
  7768 | D:7      | Gained mutation: Spells you cast may paralyse nearby
                  | enemies. [demonic ancestry]
  7768 | D:7      | Reached XP level 9. HP: 66/66 MP: 8/16
  8269 | D:8      | Found a runed translucent door.
  8270 | D:8      | Noticed wormed's ghost (novice OpTm)
  8488 | D:8      | Noticed a two-headed ogre
  8495 | D:8      | Killed a two-headed ogre
  8496 | D:8      | Reached skill level 5 in Fighting
  8496 | D:8      | Reached skill level 5 in Dodging
  8496 | D:8      | Reached skill level 5 in Spellcasting
  8496 | D:8      | Reached skill level 5 in Conjurations
  9098 | D:8      | Identified the +1 leather armour "Ilocw" {Str+3 Dex-2}
  9528 | D:9      | Reached skill level 6 in Stealth
 10631 | D:9      | Found a snail-covered altar of Cheibriados.
 10632 | D:9      | Found a broken altar of Ashenzari.
 10715 | D:9      | Found an ornate altar of the Wu Jian Council.
 10756 | D:10     | Entered Level 10 of the Dungeon
 10766 | D:10     | Reached XP level 10. HP: 76/76 MP: 8/18
 10864 | D:10     | Offered knowledge of Momentum Strike by Vehumet.
 11026 | D:10     | Noticed a two-headed ogre
 11027 | D:10     | Reached ** piety under Vehumet
 12216 | D:10     | Reached skill level 7 in Stealth
 12239 | D:10     | Slain by a vampire

Illustrated notes

Levels and vault maps discovered:
D:1:      dpeg_arrival_solitude, layout_basic,
          shapermc_ecumenical_altar_rom_forum, minmay_tromino_v7
D:2:      layout_basic, feat_on_display
D:3:      layout_rooms, serial_glass, glass_columns_a, glass_columns_b,
          skrybe_limestone_x, corexii_shack, minmay_misc_feat_doors,
          lemuel_flame_loot_1
D:4:      layout_rooms, lemuel_tele_altar, grunt_ministairs_15
D:5:      layout_basic, serial_corexii_hall, corexii_hall_statues_l,
          corexii_hall_statues_l, chequers_hall_statues_wall_a,
          corexii_hall_statues_i
D:6:      layout_basic, mainiacjoe_overflow_tiny_flanked,
          nicolae_overflow_crystal_walls, minmay_temple_entry_large_hall
D:7:      layout_basic, minitemple
D:8:      layout_layer_cave, gammafunk_ghost_grave
D:9:      layout_basic, gammafunk_temple_overflow_statue,
          lemuel_coloured_pillars_altar, bh_walls_and_bars
D:10:     layout_loops_ring, due_lair_maze_entry_diamond, serial_undead,
          serial_undead_f, serial_undead_c, serial_undead_c, serial_undead_e,
          serial_undead_c, serial_undead_f, serial_undead_c, serial_undead_d,
          minmay_misc_feat_tiny
Temple:   hellmonk_temple_flake

Skill      XL: |  1  2  3  4  5  6  7  8  9 10 |
---------------+-------------------------------+-----
Stealth        | 2 3 4 5 6 7 |  7.1
Dodging        | 2 3 4 5 6 |  6.5
Fighting       | 1 2 3 4 5 6 |  6.7
Fire Magic     | 3 4 5 6 |  6.9
Conjurations   | 2 3 4 5 6 |  6.9
Spellcasting   | 3 4 5 6 |  6.6

Action                     |  1- 3 |  4- 6 |  7- 9 | 10-12 || total
---------------------------+-------+-------+-------+-------++-------
  Melee: Unarmed           |    25 |       |     6 |       ||    31
         Dagger            |    43 |    32 |    33 |       ||   108
         Punch             |     2 |       |       |     1 ||     3
         Short sword       |       |       |    25 |       ||    25
         Staff             |       |       |    18 |    12 ||    30
   Cast: Foxfire           |    29 |    21 |    64 |    19 ||   133
         Scorch            |     6 |    30 |    58 |    60 ||   154
         Inner Flame       |       |     1 |    27 |    18 ||    46
    Use: Scroll            |     2 |     7 |    11 |     3 ||    23
         Potion            |     2 |       |       |     3 ||     5
   Stab: Paralysed         |     5 |    14 |    32 |     2 ||    53
         Sleeping          |     2 |       |     3 |       ||     5
 Armour: Robe              |     5 |       |       |       ||     5
         Skin              |     5 |       |       |       ||     5
         Leather armour    |       |    15 |    33 |    16 ||    64
  Dodge: Dodged            |    70 |    29 |    63 |    52 ||   214
  Block: Other             |       |       |    14 |    22 ||    36
         Reflection        |       |       |     2 |       ||     2

Table legend: (Time is in decaauts)
 A = Elapsed time spent in this place.
 B = Non-inter-level travel time spent in this place.
 C = Inter-level travel time spent in this place.
 D = Time resting spent in this place.
 E = Time spent auto-exploring this place.
 F = Levels seen in this place.
 G = Mean time per level.
                   A        B        C        D        E       F      G
               +--------+--------+--------+--------+--------+-----+--------+
         Total |  12274 |  11354 |    920 |      0 |   9615 |  11 | 1115.8 |
       Dungeon |  12204 |  11284 |    920 |      0 |   9574 |  10 | 1220.4 |
        Temple |     69 |     69 |      0 |      0 |     41 |   1 |   69.0 |
               +--------+--------+--------+--------+--------+-----+--------+

Top non-repeatable levels by time:
     D:9: 2473 daAuts
     D:5: 1796 daAuts
     D:2: 1444 daAuts
     D:7: 1210 daAuts
     D:8: 1186 daAuts
     D:6: 1184 daAuts
     D:1: 901 daAuts
     D:4: 830 daAuts
     D:3: 732 daAuts
    D:10: 444 daAuts
  Temple: 69 daAuts
